 Dungeon Crawl Stone Soup version 0.26.0-3-g156281e41b (webtiles) character file.

Game seed: 9648828301158926721

53 trckry the Insei (level 3, 0/24 HPs)
             Began as an Octopode Transmuter on Jan 10, 2021.
             Succumbed to an adder's poison
             ... on level 1 of the Dungeon.
             The game lasted 00:01:52 (1421 turns).

trckry the Insei (Octopode Transmuter)              Turns: 1421, Time: 00:01:53

Health: 0/24       AC:  1    Str: 10    XL:     3   Next: 89%
Magic:  6/6        EV: 13    Int: 15    God:
Gold:   50         SH:  0    Dex: 12    Spells: 5/6 levels left

rFire    . . .     SeeInvis .     - Unarmed
rCold    . . .     Faith    .   (no shield)
rNeg     . . .     Spirit   .   (helmet restricted)
rPois    .         Reflect  .   (no amulet)
rElec    .         Harm     .   (no ring)
rCorr    .         Rampage  .   (no ring)
Will     .....                  (no ring)
Stlth    ++........             (no ring)
HPRegen  0.08/turn              (no ring)
MPRegen  0.10/turn              (no ring)
                                (no ring)
                                (no ring)

@: lethally poisoned (0 -> -2)
A: almost no armour, stealthy swim, amphibious, 8 rings, constrict 8, camouflage
1, gelatinous body 1
a: no special abilities


You were on level 1 of the Dungeon.
You visited 1 branch of the dungeon, and saw 2 of its levels.

You collected 50 gold pieces.

Inventory:

Scrolls
 a - 2 scrolls of identify {unknown}
 b - a scroll of noise {unknown}
 c - a scroll of enchant weapon {unknown}
 d - a scroll of random uselessness {unknown}


   Skills:
 + Level 2.0 Fighting
 + Level 2.1 Dodging
 + Level 0.9 Stealth
 * Level 4.1 Unarmed Combat
 - Level 2.0 Spellcasting
 - Level 2.0 Transmutations


You had 5 spell levels left.
You knew the following spells:

 Your Spells              Type           Power        Failure   Level
a - Beastly Appendage     Tmut           14%          10%         1

Your spell library contained the following spells:

 Spells                   Type           Power        Failure   Level
 Wereblood                Tmut           7%           14%         2
 Spider Form              Tmut/Pois      2%           41%         3
 Ice Form                 Ice/Tmut       4%           82%         4
 Blade Hands              Tmut           3%           95%         5


Dungeon Overview and Level Annotations

Branches:
Dungeon (2/15)

Altars:

Annotations:
D:2 Natasha


Innate Abilities, Weirdness & Mutations

You cannot wear most types of armour.
You are very stealthy in the water. (Stealth+)
You are amphibious.
You can wear up to eight rings at the same time.
You can use your tentacles to constrict eight enemies at once.
Your skin changes colour to match your surroundings (Stealth+).
Your rubbery body absorbs attacks. (AC +1, EV +1)


Message History

Your squeeze misses the jackal.
The jackal is lightly wounded.
The jackal barely misses you.
You tentacle-slap the jackal. You grab the jackal.
The jackal is heavily wounded.
You constrict the jackal.
* * * LOW HITPOINT WARNING * * *
You feel sick. The jackal closely misses you. The jackal completely misses you.
You tentacle-slap the jackal but do no damage.
You squeeze the jackal.
You kill the jackal!
You tentacle-slap the adder. You grab the adder.
The adder is moderately wounded.
You constrict the adder, but do no damage.
The adder closely misses you.
You tentacle-slap the adder. You squeeze the adder!
You kill the adder!
Your Fighting skill increases to level 2!
You see here a jackal corpse.
You die...

........###...# #..######
..............# #..#
..............# #..#
..............# #..#
...<..........####
#..######
.................#
#........
..............##.#
#.#######
..............##.########.#
........###..###@†........#
.......## ##.###[##########
)......# #..##.# .......##
##.....# ........###.....##
##### ................#
#....
#.##..######....#######
#.### ..##.##
#............# #.# ####.##
#..........#.# #.#


There were no monsters in sight!

Vanquished Creatures
  An adder (D:1)
  An ooze (D:1)
  A leopard gecko (D:1)
  2 ball pythons (D:2)
  7 bats (D:1)
  2 giant cockroaches (D:1)
  2 goblins (D:1)
  6 hobgoblins (D:1)
  4 jackals
  3 frilled lizards (D:1)
  3 kobolds (D:1)
  6 rats (D:1)
38 creatures vanquished.

Notes
Turn   | Place    | Note
-------+----------+-------------------------------------------
     0 | D:1      | trckry the Octopode Transmuter began the quest for the Orb.
     0 | D:1      | Reached XP level 1. HP: 13/13 MP: 3/3
   222 | D:1      | Reached XP level 2. HP: 10/18 MP: 5/5
   902 | D:1      | Reached XP level 3. HP: 19/24 MP: 6/6
  1377 | D:2      | Noticed Natasha
  1401 | D:2      | Reached skill level 4 in Unarmed Combat
  1414 | D:1      | HP: 2/24 [jackal (2)]
  1421 | D:1      | Succumbed to an adder's poison

Illustrated notes

Levels and vault maps discovered:
D:1:      minmay_arrival_four_circles, layout_loops_ring
D:2:      layout_basic, serial_glass, glass_columns_b, glass_columns_a,
          uniq_robin, uniq_natasha

Skill      XL: |  1  2  3 |
---------------+----------+-----
Unarmed Combat | 4 |  4.1
Fighting       | 2 |  2.0
Dodging        | |  2.1
Stealth        | |  0.9
Spellcasting   | |  2.0
Transmutations | |  2.0

Action                   || total
-------------------------++-------
Melee: Unarmed           ||   100
       Tentacles         ||    17
       Constrict         ||    23
       Punch             ||     2
 Stab: Sleeping          ||     9
Armor: Skin              ||    12
Dodge: Dodged            ||    73
